 Dungeon Crawl Stone Soup version 0.32-a0-422-g28b100f618 (webtiles) character file.

Game seed: 13492766964864947750

2564 Dittersdorf the Covered (level 9, -10/58 HPs)
             Began as a Gargoyle Fighter on Feb 21, 2024.
             Killed from afar by Maggie (14 damage)
             ... with a bolt of fire
             ... on level 7 of the Dungeon.
             The game lasted 00:07:13 (6076 turns).

Dittersdorf the Covered (Gargoyle Fighter)          Turns: 6076, Time: 00:07:14

Health: -10/58     AC: 22    Str: 23    XL:     9   Next: 57%
Magic:  9/9        EV:  8    Int: 10    God:
Gold:   308        SH:  5    Dex:  9    Spells: 8/8 levels left

rFire   . . .        j - +7 war axe of Reinforcement {flame, rElec}
rCold   . . .        c - +0 buckler
rNeg    + . .        p - +0 chain mail
rPois   ∞            n - +2 helmet
rElec   +            q - +1 cloak {rCorr}
rCorr   +            (no gloves)
SInv    .            (no boots)
Will    +....        (no amulet) Stlth
                     f - ring of willpower
HPRegen 0.29/turn    (no ring)
MPRegen 0.11/turn

%: no passive effects
@: mesmerised
A: sickness immunity, AC +6, negative energy resistance 1, electricity
resistance, torment resistance 1, petrification resistance
a: no special abilities


You were on level 7 of the Dungeon.
You visited 1 branch of the dungeon, and saw 7 of its levels.

You collected 308 gold pieces.

Inventory:

Hand Weapons
 j - the +7 war axe of Reinforcement (weapon) {flame, rElec}
   (You found it on level 5 of the Dungeon)

   rElec:     It insulates you from electricity.
 m - a +2 spectral morningstar
Armour
 c - a +0 buckler (worn)
 n - a +2 helmet (worn)
 p - a +0 chain mail (worn)
 q - a +1 cloak of preservation (worn)
Magical Staves
 l - a staff of earth
Jewellery
 f - a ring of willpower (left hand)
Wands
 u - a wand of flame (17)
Scrolls
 e - a scroll of blinking
 g - a scroll of enchant weapon
 h - a scroll of teleportation
 i - 2 scrolls of fear
Potions
 a - 2 potions of curing {unknown}
 b - a potion of haste
 d - 5 potions of might
 k - a potion of enlightenment
 o - 3 potions of heal wounds {unknown}
 r - a potion of lignification {unknown}
 s - a potion of mutation {unknown}


   Skills:
 + Level 7.7 Fighting
 + Level 3.2(4.5) Axes
 - Level 5.4(5.9) Maces & Flails
 + Level 7.7 Armour
 + Level 7.7 Shields


You had 8 spell levels left.
You didn't know any spells.
Your spell library contained the following spells:

 Spells                   Type           Power      Damage    Failure   Level
 Shock                    Conj/Air       0%         1d3       92%         1


Dungeon Overview and Level Annotations

Branches:
Dungeon (7/15)
 Temple: D:4-7

Altars:
Ashenzari
Ru
Trog
Uskayaw
Yredelemnul
Zin

Shops:
D:1 ?

Annotations:
D:7 Maggie


Innate Abilities, Weirdness & Mutations

You are immune to sickness and miasma.
Your stone body is resilient. (AC +6)
You are immune to poison.
You resist negative energy. (rN+)
You are resistant to electric shocks. (rElec)
You are resistant to unholy torment.
You are immune to petrification.


Message History

The steam dragon breathes steam at you.
The ball of steam hits you but does no damage.
Maggie casts a spell.
Maggie attempts to bespell you! You resist with almost no effort.
You slash the steam dragon! You burn the steam dragon.
You kill the steam dragon!
You are engulfed in a cloud of scalding steam.
Maggie gives herself a magical halo, but it quickly sputters out.
You block Maggie's attack.
Maggie hits you with the +9 lance "Wyrmbane" {slay drac, rPois rF+ rC+ AC+3}!
* * * LOW HITPOINT WARNING * * *
You see here a steam dragon corpse.
You slash Maggie! You burn Maggie.
Maggie is moderately wounded.
Maggie hits you but does no damage.
You closely miss Maggie.
Maggie is moderately wounded.
Maggie hits you with the +9 lance "Wyrmbane" {slay drac, rPois rF+ rC+ AC+3}.
* * * LOW HITPOINT WARNING * * *
You slash Maggie! You burn Maggie.
Maggie is moderately wounded.
Maggie hits you with the +9 lance "Wyrmbane" {slay drac, rPois rF+ rC+ AC+3}!
* * * LOW HITPOINT WARNING * * *
Maggie hits you but does no damage.
You closely miss Maggie.
Maggie is moderately wounded.
Maggie mumbles some strange words.
Maggie attempts to bespell you!
You are mesmerised by Maggie!
You barely miss Maggie.
Maggie is moderately wounded.
You block Maggie's attack.
You hit Maggie. You burn Maggie.
Maggie is heavily wounded.
Maggie hits you but does no damage. You block Maggie's attack.
You hit Maggie.
Maggie is heavily wounded.
Maggie casts a spell at you. The bolt of fire hits you!
You die...

###......# ##.
#####@.# # #5.#
#D.# #..#####
#..>...# #.####.#
########.# #.#
.########....)@@.#
###
..........########
########<.# #..#
#.[### #....#
#.##.# #(##.####
#.##.#..#


You could see Maggie (mesmerising).

Vanquished Creatures
  Pikel (D:7)
  A steam dragon (D:7)
  Duvessa (D:5)
  A sky beast (D:7)
  An ice beast (D:5)
  2 black bears
  An ogre (D:5)
  2 phantoms
  4 centaurs
  A lemure (D:7)
  A scorpion (D:5)
  Dowan (D:5)
  2 bombardier beetles
  6 hounds
  3 jellies
  Crazy Yiuf (D:2)
  3 orc priests
  5 iguanas (D:5)
  An orc wizard (D:6)
  Robin (D:2)
  10 gnolls
  5 adders
  3 white imps
  3 dart slugs
  A ribbon worm (D:3)
  16 orcs
  6 bats
  3 endoplasms
  13 goblins
  15 hobgoblins
  8 jackals
  6 quokkas
  6 ball pythons
  A frilled lizard (D:1)
  4 kobolds
  3 rats
142 creatures vanquished.

Vanquished Creatures (others)
  A bullfrog (D:7)
1 creature vanquished.

Grand Total: 143 creatures vanquished

Notes
Turn   | Place    | Note
-------+----------+-------------------------------------------
     0 | D:1      | Dittersdorf the Gargoyle Fighter began the quest for the
                  | Orb.
     0 | D:1      | Reached XP level 1. HP: 14/14 MP: 1/1
    14 | D:1      | Reached XP level 2. HP: 9/19 MP: 2/2
   160 | D:1      | Reached XP level 3. HP: 20/24 MP: 3/3
   597 | D:2      | Noticed Robin
   600 | D:2      | Reached XP level 4. HP: 26/29 MP: 4/4
   772 | D:2      | Killed Robin
   858 | D:2      | Found a runed translucent door.
   859 | D:2      | Noticed Crazy Yiuf
   926 | D:2      | You fall into a shaft and drop 1 floor!
   958 | D:2      | Found a bloodstained altar of Trog.
   979 | D:2      | Reached XP level 5. HP: 33/33 MP: 5/5
  1231 | D:2      | Found a faded altar of an unknown god.
  1236 | D:2      | Got Plato's Secrets of Clouds
  1519 | D:2      | Killed Crazy Yiuf
  1744 | D:3      | Reached XP level 6. HP: 31/39 MP: 6/6
  2015 | D:3      | Identified the +0 leather armour "Udumu" {rC+++ Int-5}
  2773 | D:4      | Found a hide-covered altar of Uskayaw.
  2953 | D:4      | Reached skill level 5 in Fighting
  3422 | D:4      | Reached skill level 5 in Armour
  3422 | D:4      | Reached skill level 5 in Shields
  3482 | D:5      | Entered Level 5 of the Dungeon
  3487 | D:5      | Reached XP level 7. HP: 44/44 MP: 7/7
  3603 | D:5      | Found a glowing silver altar of Zin.
  3631 | D:5      | Noticed Dowan
  3631 | D:5      | Noticed Duvessa
  3637 | D:5      | Killed Duvessa
  3647 | D:5      | Killed Dowan
  3662 | D:5      | Reached XP level 8. HP: 32/51 MP: 8/8
  3790 | D:5      | Found a basalt altar of Yredelemnul.
  4138 | D:5      | Reached skill level 5 in Maces & Flails
  4306 | D:5      | Identified the +7 war axe of Reinforcement {flame, rElec}
  4841 | D:6      | Found a bloodstained altar of Trog.
  4876 | D:6      | Reached skill level 1 in Axes
  5272 | D:6      | Reached XP level 9. HP: 56/56 MP: 9/9
  5733 | D:6      | Found a sacrificial altar of Ru.
  6021 | D:7      | Found a broken altar of Ashenzari.
  6031 | D:7      | Noticed Pikel
  6035 | D:7      | Noticed Maggie
  6063 | D:7      | Killed Pikel
  6072 | D:7      | HP: 2/58 [Maggie/the +9 lance "Wyrmbane" {slay drac, rPois
                  | rF+ rC+ AC+3} (8)]
  6076 | D:7      | Killed from afar by Maggie

Illustrated notes

Levels and vault maps discovered:
D:1:      wander_arrival_desolate, layout_rooms, serial_shops, shop
D:2:      layout_basic, shapermc_ecumenical_altar_rom_forum, basic_altar,
          uniq_robin, uniq_crazy_yiuf_cottage
D:3:      layout_basic, serial_park_tiny_2, corner_web_ring, dk_vineyard_3
D:4:      layout_basic, mainiacjoe_overflow_concentric_impassable
D:5:      layout_basic, overflow_temple_1_default, amcnicky_altar_gilded,
          uniq_duvessa
D:6:      layout_basic, kennysheep_little_box, nicolae_ru_the_path_less_chosen,
          minmay_misc_feat_square
D:7:      layout_loops_ring, evilmike_ruin_ashenzari,
          hellmonk_okawaru_the_only_friend_you_need,
          makhleb_blood_cavern_becter, xom_teletrap_fun,
          nicolae_overflow_crystal_walls, minmay_temple_entry_statues,
          uniq_pikel, uniq_maggie

Skill      XL: |  1  2  3  4  5  6  7  8  9 |
---------------+----------------------------+-----
Shields        | 4 5 6 7 |  7.7
Armour         | 4 5 6 7 |  7.7
Fighting       | 4 5 6 7 |  7.7
Maces & Flails | 3 4 5 |  5.4
Axes           | 1 3 |  3.2

Action                     |  1- 3 |  4- 6 |  7- 9 || total
---------------------------+-------+-------+-------++-------
  Melee: Flail             |    83 |    91 |       ||   174
         Morningstar       |       |   165 |    66 ||   231
         War axe           |       |       |    65 ||    65
    Use: Scroll            |       |    11 |     1 ||    12
 Armour: Scale mail        |   104 |   109 |       ||   213
         Chain mail        |       |   148 |   140 ||   288
  Dodge: Dodged            |    56 |   154 |    70 ||   280
  Block: Buckler           |    24 |    78 |    48 ||   150

Table legend: (Time is in decaauts)
 A = Elapsed time spent in this place.
 B = Non-inter-level travel time spent in this place.
 C = Inter-level travel time spent in this place.
 D = Time resting spent in this place.
 E = Time spent auto-exploring this place.
 F = Levels seen in this place.
 G = Mean time per level.
                   A        B        C        D        E       F      G
               +--------+--------+--------+--------+--------+-----+--------+
         Total |   6232 |   5722 |    510 |    562 |   3956 |   7 |  890.3 |
       Dungeon |   6232 |   5722 |    510 |    562 |   3956 |   7 |  890.3 |
               +--------+--------+--------+--------+--------+-----+--------+

Top non-repeatable levels by time:
     D:5: 1110 daAuts
     D:6: 1099 daAuts
     D:3: 1094 daAuts
     D:2: 1038 daAuts
     D:4: 953 daAuts
     D:1: 713 daAuts
     D:7: 223 daAuts
